 Dungeon Crawl Stone Soup version 0.17-a0-2070-g2a5e0a8 (webtiles) character file.

546 Ordine the Basher (level 7, -2/105 HPs)
             Began as an Ogre Berserker on Oct 14, 2015.
             Was a Believer of Trog.
             Slain by an adder (4 damage)
             ... on level 4 of the Dungeon.
             The game lasted 00:06:52 (2971 turns).

Ordine the Basher (Ogre Berserker)                  Turns: 2971, Time: 00:06:52

Health: -2/105     AC:  3    Str: 30    XL:     7   Next: 28%
Magic:  7/7        EV: 10    Int:  6    God:    Trog [**....]
Gold:   147        SH:  0    Dex:  9    Spells: 0 memorised, 6 levels left

rFire  . . .     SeeInvis .     a - +1 mace
rCold  . . .     Clarity  .     b - +0 animal skin
rNeg   . . .     SustAt   .     (no shield)
rPois  .         Gourm    .     (helmet restricted)
rElec  .         Spirit   .     (no cloak)
rCorr  .         Warding  .     (gloves unavailable)
rMut   .         Stasis   .     (boots unavailable)
MR     .....                    l - amulet of inaccuracy (curse)
Stlth  ..........               (no ring)
                                (no ring)

@: berserking (expiring), lethally poisoned (-2 -> -7), very quick, not
resistant to hostile enchantments, extremely unstealthy
A: unfitting armour, tough skin 1
a: Burn Spellbooks, Berserk, Trog's Hand, Renounce Religion


You were on level 4 of the Dungeon.
You worshipped Trog.
Trog was pleased with you.
You were very hungry.

You visited 1 branch of the dungeon, and saw 4 of its levels.

You collected 147 gold pieces.

Inventory:

Hand Weapons
 a - a +1 mace (weapon)
Missiles
 e - 201 stones (quivered)
 n - a tomahawk of dispersal
Armour
 b - a +0 animal skin (worn)
Jewellery
 l - a cursed amulet of inaccuracy (around neck)
Scrolls
 f - a scroll of enchant weapon
 g - 2 scrolls of identify
 h - a scroll of teleportation
 m - a scroll of blinking
Potions
 d - a potion of heal wounds
 k - a potion of haste
Comestibles
 c - 2 bread rations
 i - 4 meat rations
 j - 2 beef jerkies
 o - 2 chunks of flesh


   Skills:
 - Level 4.0 Fighting
 + Level 10.5 Maces & Flails
 - Level 2.6 Dodging


You had 6 spell levels left.
You didn't know any spells.

Dungeon Overview and Level Annotations

Branches:
Dungeon (4/15)
 Temple: D:4-7

Altars:
Okawaru


Innate Abilities, Weirdness & Mutations

You are too large for most types of armour.
You have tough skin (AC +1).


Message History

Trog accepts your kill. The adder barely misses you.
You barely miss the adder. The adder bites you.
* * * LOW HITPOINT WARNING * * *
The giant cockroach bites you but does no damage.
You miss the adder.
You feel sick. The giant cockroach barely misses you. The adder bites you.
* * * LOW HITPOINT WARNING * * *
You are lethally poisoned!
The adder poisons you!
You miss the adder. You sock the adder!
The adder is severely wounded.
* * * LOW HITPOINT WARNING * * *
You feel sick. The adder closely misses you.
The giant cockroach bites you but does no damage.
You completely miss the adder.
The adder is severely wounded.
The adder bites you.
You die...

#..........
#####.......# #........#
#........# ##........#
#......#######.
+..............
#sS............
.#@)...........(
....................#
....$...............#
....................+
....................# ..
....#...#...........#...
...%....#...........#...
...............#######..
...........####.##..


You could see an adder and a giant cockroach.

Vanquished Creatures
  Sigmund (D:2)
  The ghost of Arkorax the Cudgeler, an amateur GrGl of Xom (D:4)
  An ogre (D:4)
  A hound (D:4)
  2 orc priests
  A gnoll (D:4)
  An adder (D:3)
  An ooze (D:1)
  3 worms
  6 orcs
  4 giant cockroaches
  7 goblins
  9 hobgoblins
  2 jackals (D:3)
  5 kobolds
  3 quokkas
  A ball python (D:2)
  7 bats
  3 giant geckos
  2 giant newts
  8 rats
69 creatures vanquished.

Notes
Turn   | Place    | Note
--------------------------------------------------------------
     0 | D:1      | Ordine the Ogre Berserker began the quest for the Orb.
     0 | D:1      | Reached XP level 1. HP: 24/24 MP: 1/1
   308 | D:1      | Reached XP level 2. HP: 21/32 MP: 2/2
   540 | D:1      | Reached skill level 5 in Maces & Flails
   830 | D:2      | Found an iron altar of Okawaru.
  1049 | D:2      | Reached XP level 3. HP: 31/39 MP: 3/3
  1102 | D:2      | Noticed Sigmund
  1110 | D:2      | Killed Sigmund
  1110 | D:2      | Reached skill level 8 in Maces & Flails
  1110 | D:2      | Reached XP level 4. HP: 48/48 MP: 4/4
  1110 | D:2      | Reached XP level 5. HP: 54/54 MP: 5/5
  1328 | D:2      | Reached ** piety under Trog
  2034 | D:3      | Found a faded altar to an unknown god.
  2047 | D:3      | Reached XP level 6. HP: 62/62 MP: 6/6
  2625 | D:4      | Reached skill level 9 in Maces & Flails
  2676 | D:4      | Noticed Arkorax's ghost (amateur GrGl)
  2688 | D:4      | HP: 3/93 [Arkorax's ghost (3)]
  2689 | D:4      | Killed Arkorax's ghost
  2689 | D:4      | Reached skill level 10 in Maces & Flails
  2689 | D:4      | Reached XP level 7. HP: 3/70 MP: 7/7
  2691 | D:4      | HP: 1/105 [orc/club (3)]
  2967 | D:4      | HP: 4/105 [adder (2)]
  2971 | D:4      | Slain by an adder

Vault maps used:
D:1:      scummos_arrival_forest
D:2:      lemuel_doored_altar, minmay_liquid_box, uniq_sigmund
D:3:      ecumenical_altar_2
D:4:      minitemple, minmay_temple_entry_statues_pillars, first_bread

Action                   |  1- 3 |  4- 6 |  7- 9 || total
-------------------------+-------+-------+-------++-------
Melee: Mace              |    60 |   147 |    16 ||   223
Invok: Berserk           |     1 |     1 |     1 ||     3
  Use: Scroll            |     3 |     6 |       ||     9
 Stab: Sleeping          |       |     1 |       ||     1
  Eat: Chunk             |     1 |     5 |     2 ||     8
